 Dungeon Crawl Stone Soup version 0.30-b1-2-g02819fbbbe (webtiles) character file.

Game seed: 15589269044361658213

15639 Fluut the Thaumaturge (level 12, -8/59 HPs)
             Began as a Deep Elf Ice Elementalist on Oct 4, 2023.
             Mangled by a death yak simulacrum (9 damage)
             ... on level 2 of the Lair of Beasts.
             The game lasted 01:51:03 (12469 turns).

Fluut the Thaumaturge (Deep Elf Ice Elementalist)  Turns: 12469, Time: 01:51:04

Health: -8/59      AC: 19    Str:  4    XL:     12   Next: 3%
Magic:  30/32      EV: 24    Int: 25    God:
Gold:   593        SH:  0    Dex: 25    Spells: 22/39 levels left

rFire   . . .        q - +3 flail (holy)
rCold   . . .        (no shield)
rNeg    . . .        B - +1 robe of the Hills {Stlth+}
rPois   .            K - +0 helmet
rElec   .            J - +0 cloak
rCorr   +            (no gloves)
SInv    .            y - +2 pair of boots
Will    +....        C - amulet of the acrobat
Stlth   ++++++       M - +6 ring of dexterity
HPRegen 0.29/turn    N - ring of resist corrosion
MPRegen 0.23/turn

%: acrobat
@: ice-armoured, about to teleport
A: iridescent scales 1, agile 1
a: no special abilities


You were on level 2 of the Lair of Beasts.
You visited 3 branches of the dungeon, and saw 12 of its levels.

You collected 593 gold pieces.

Inventory:

Hand Weapons
 c - a +2 spear of venom
 f - a +0 dagger
 g - a +2 shortbow of freezing
 n - a +4 war axe of electrocution
 q - a +3 flail of holy wrath (weapon)
 s - a +2 dagger of draining
 I - a +3 quarterstaff of chaos
Missiles
 E - a throwing net
 R - 3 poisoned darts
Armour
 d - a +0 robe of fire resistance
 y - a +2 pair of boots (worn)
 B - the +1 robe of the Hills (worn) {Stlth+}
   (You found it on level 6 of the Dungeon)

   Stlth:     It makes you more stealthy.
 J - a +0 cloak (worn)
 K - a +0 helmet (worn)
Jewellery
 h - an amulet of faith
 w - an amulet of magic regeneration
 C - an amulet of the acrobat (around neck)
 M - a +6 ring of dexterity (left hand)
 N - a ring of resist corrosion (right hand)
 Q - the amulet of Elemental Vulnerability {rPois rF-- rC-- AC+8}
   (You found it on level 1 of the Lair of Beasts)

   [amulet of nothing]

   AC:        It affects your AC (+8).
   rF:        It makes you very vulnerable to fire.
   rC:        It makes you very vulnerable to cold.
   rPois:     It protects you from poison.
Wands
 t - a wand of quicksilver (6)
 u - a wand of mindburst (17)
 L - a wand of iceblast (12)
 P - a wand of flame (14)
Scrolls
 e - 3 scrolls of poison
 j - 3 scrolls of fog
 p - a scroll of enchant weapon {unknown}
 v - a scroll of teleportation
 x - 2 scrolls of amnesia
 A - 10 scrolls of identify
 O - a scroll of blinking {unknown}
Potions
 a - 2 potions of invisibility
 i - a potion of mutation
 k - 4 potions of brilliance
 l - 4 potions of curing
 m - 2 potions of haste
 o - a potion of cancellation
 r - 2 potions of lignification
 z - a potion of attraction
 D - 2 potions of heal wounds {unknown}
 F - 3 potions of ambrosia {unknown}
 G - 2 potions of flight {unknown}
 H - a potion of might {unknown}


   Skills:
 * Level 13.0 Dodging
 + Level 10.2 Stealth
 * Level 14.1 Spellcasting
 + Level 1.3 Conjurations
 + Level 6.0 Hexes
 + Level 4.8 Summonings
 + Level 9.4 Ice Magic


You had 22 spell levels left.
You knew the following spells:

 Your Spells              Type           Power      Damage    Failure   Level
a - Freeze                Ice            100%       1d10      1%          1
b - Frozen Ramparts       Ice            100%       1d16      1%          3
c - Ozocubu's Armour      Ice            60%        N/A       1%          3
d - Summon Guardian Gole  Hex/Summ       44%        N/A       1%          3
e - Summon Ice Beast      Ice/Summ       52%        N/A       1%          4
f - Call Canine Familiar  Summ           42%        N/A       1%          3

Your spell library contained the following spells:

 Spells                   Type           Power      Damage    Failure   Level
 Magic Dart               Conj           96%        1d7       1%          1
 Summon Small Mammal      Summ           100%       N/A       1%          1
 Searing Ray              Conj           48%        2d6       2%          2
 Dazzling Flash           Conj/Hex       72%        N/A       2%          3
 Cigotuvi's Dreadful Rot  Necr/Pois/Air  34%        N/A       4%          2
 Fulminant Prism          Conj/Hex       18%        3d11      7%          4
 Ignite Poison            Fire/Tmut/Pois 17%        N/A       10%         3
 Volatile Blastmotes      Fire/Tloc      34%        2d12      10%         3
 Summon Mana Viper        Hex/Summ       44%        N/A       10%         5
 Freezing Cloud           Conj/Ice/Air   17%        6-21      21%         5
 Iskenderun's Mystic Bla  Conj/Tloc      21%        2d6       24%         4
 Dispel Undead            Necr           17%        3d10      32%         4
 Starburst                Conj/Fire      10%        6d5       98%         6
 Monstrous Menagerie      Summ           21%        N/A       98%         7
 Death Channel            Necr           8%         N/A       99%         6


Dungeon Overview and Level Annotations

Branches:
Dungeon (9/15)             Temple (1/1) D:7            Lair (2/5) D:9
  Swamp: Lair:2-3    Shoals: Lair:2-3     Snake: Lair:2-3    Spider: Lair:2-3
    Orc: D:9-12

Altars:
Ashenzari
Cheibriados
Dithmenos
Elyvilon
Fedhas
Gozag
Makhleb
Nemelex Xobeh
Okawaru
Qazlal
Ru
Trog
Uskayaw
Wu Jian
Xom
Yredelemnul
Zin
The Shining One

Shops:
D:1 [   D:6 *

Annotations:
Lair:2 exclusion: 3 oklob plants


Innate Abilities, Weirdness & Mutations

You are partially covered in iridescent scales. (AC +2)
You are agile. (Dex +4, Str/Int -1)


Message History

The death yak simulacrum gores you! The death yak simulacrum freezes you!!
The wolf simulacrum completely misses you.
Your +2 shortbow of freezing stops glowing.
Your +3 flail of holy wrath softly glows with a divine radiance!
q - a +3 flail of holy wrath (weapon)
The wolf simulacrum misses you.
You hit the death yak simulacrum.
The death yak simulacrum convulses.
The death yak simulacrum is lightly damaged.
The wolf simulacrum closely misses you.
The wolf simulacrum completely misses you.
The wolf simulacrum closely misses you.
The death yak simulacrum gores you but does no damage.
The wolf simulacrum completely misses you.
You hit the death yak simulacrum.
The death yak simulacrum convulses.
The death yak simulacrum is moderately damaged.
The wolf simulacrum completely misses you.
The wolf simulacrum bites you. The wolf simulacrum freezes you!
* * * LOW HITPOINT WARNING * * *
The wolf simulacrum completely misses you.
The death yak simulacrum completely misses you.
The wolf simulacrum completely misses you.
You feel better. The wolf simulacrum barely misses you.
The wolf simulacrum misses you.
The death yak simulacrum gores you but does no damage.
The wolf simulacrum bites you but does no damage.
You hit the death yak simulacrum.
The death yak simulacrum convulses.
The death yak simulacrum is heavily damaged.
The wolf simulacrum closely misses you. x2
The wolf simulacrum completely misses you.
The death yak simulacrum gores you.
* * * LOW HITPOINT WARNING * * *
The death yak simulacrum freezes you!
* * * LOW HITPOINT WARNING * * *
The wolf simulacrum bites you but does no damage.
The wolf simulacrum misses you.
As you read the scroll of teleportation, it crumbles to dust.
You feel strangely unstable.
The wolf simulacrum bites you but does no damage.
The wolf simulacrum closely misses you. The death yak simulacrum gores you!
You die...

###... #.[ ...#... ..# .......
P.# ...... # ## #.# #.#.. #.# #
..### #.# ##...#####.##.##.##.#.
#.# #.###....#.#..#..#..#..#.#
..####.P..#....ZZ9..#.##.##.##.#.
...<.....##....#@#.#.#...........
..##..##.#....#Z#.#.#.......#..#.
.....###.##..#.#.#.#....##....###
.....###.##.#.###...........#..#.
.##...#P.###.#.#...........###...
...†P#....#.#.#..........#..#..#.
...###.....#.#.....#....###...###
P#†##......#.#.....#..#..#..#..#.
##.†........#..###...###...###...


You could see 2 wolf simulacra, a death yak simulacrum (ally target) and a
friendly guardian golem (summoned).

Vanquished Creatures
  A two-headed ogre (D:8)
  A skyshark (Lair:1)
  A manticore (Lair:2)
  An elephant (Lair:2)
  An unseen horror (D:9)
  A rime drake (Lair:2)
  Maggie (D:9)
  3 cane toads
  3 komodo dragons (Lair:1)
  A queen bee (Lair:2)
  5 blink frogs (Lair:2)
  A wyvern (Lair:2)
  13 yaks
  6 basilisks
  A vampire mosquito (Lair:1)
  A steam dragon (Lair:1)
  11 water moccasins
  3 black bears
  3 ogres (D:6)
  3 centaurs
  13 wolves
  5 bullfrogs
  A kobold brigand (D:8)
  2 scorpions
  35 killer bees
  3 howler monkeys
  3 lava snakes (D:9)
  3 hounds
  Crazy Yiuf (D:7)
  A gnoll bouda (D:6)
  4 orc priests
  A jelly (D:6)
  3 iguanas
  2 sleepcaps
  6 orc wizards
  3 gnolls (D:3)
  8 adders
  A shadow imp (D:6)
  3 white imps
  An ufetubus (D:6)
  2 worms (D:2)
  4 dart slugs
  36 orcs
  10 ball pythons
  6 endoplasms
  7 giant cockroaches
  5 goblins
  4 hobgoblins
  5 quokkas
  6 bats
  2 frilled lizards (D:2)
  15 kobolds
  6 rats
268 creatures vanquished.

Vanquished Creatures (collateral kills)
  A manticore (Lair:2)
  A vampire mosquito (Lair:1)
  A wolf (Lair:2)
3 creatures vanquished.

Vanquished Creatures (others)
  A basilisk (Lair:2)
  4 yaks (Lair:1)
  A swamp drake (Lair:1)
  14 fungi
  25 plants
45 creatures vanquished.

Grand Total: 316 creatures vanquished

Notes
Turn   | Place    | Note
-------+----------+-------------------------------------------
     0 | D:1      | Fluut the Deep Elf Ice Elementalist began the quest for the
                  | Orb.
     0 | D:1      | Reached XP level 1. HP: 10/10 MP: 6/6
   162 | D:1      | Reached XP level 2. HP: 15/15 MP: 6/8
   163 | D:1      | Found Caic's Antique Armour Boutique.
   615 | D:1      | Reached XP level 3. HP: 16/19 MP: 6/10
   657 | D:1      | Learned a level 3 spell: Frozen Ramparts
   661 | D:1      | Learned a level 3 spell: Ozocubu's Armour
   732 | D:1      | Gained mutation: You are agile. (Dex +4, Str/Int -1)
                  | [potion of mutation]
   732 | D:1      | Gained mutation: You are partially covered in iridescent
                  | scales. (AC +2) [potion of mutation]
   911 | D:2      | Reached skill level 4 in Spellcasting
  1381 | D:2      | Reached XP level 4. HP: 24/24 MP: 10/12
  1697 | D:3      | Found a faded altar of an unknown god.
  1805 | D:3      | Found an ornate altar of the Wu Jian Council.
  2015 | D:3      | Reached XP level 5. HP: 25/28 MP: 9/14
  2090 | D:3      | Reached skill level 5 in Spellcasting
  2544 | D:3      | Reached skill level 5 in Ice Magic
  3121 | D:4      | Reached XP level 6. HP: 32/32 MP: 5/16
  3205 | D:4      | Reached skill level 5 in Dodging
  3424 | D:4      | Found a sacrificial altar of Ru.
  3853 | D:5      | Entered Level 5 of the Dungeon
  4047 | D:5      | Reached skill level 6 in Spellcasting
  4211 | D:5      | Reached XP level 7. HP: 33/36 MP: 8/18
  4463 | D:5      | Identified the +0 ring mail of Ogurph {rN+++ Will- Dex+4}
  4846 | D:6      | Reached skill level 5 in Stealth
  4846 | D:6      | Reached skill level 7 in Spellcasting
  4951 | D:6      | Reached XP level 8. HP: 26/41 MP: 16/21
  4960 | D:6      | Identified the +1 robe of the Hills {Stlth+}
  5033 | D:6      | Found Zin's Purification Station.
  5036 | D:6      | Found a glowing silver altar of Zin.
  5134 | D:6      | Found a shadowy altar of Dithmenos.
  5149 | D:6      | Reached skill level 8 in Spellcasting
  5413 | D:6      | Found a sparkling altar of Nemelex Xobeh.
  5681 | D:7      | Reached skill level 9 in Spellcasting
  5803 | D:7      | Found a staircase to the Ecumenical Temple.
  5812 | Temple   | Entered the Ecumenical Temple
  6322 | D:7      | Found a runed translucent door.
  6323 | D:7      | Noticed Crazy Yiuf
  6333 | D:7      | Killed Crazy Yiuf
  6696 | D:8      | Found a shadowy altar of Dithmenos.
  6715 | D:8      | Noticed a two-headed ogre
  6728 | D:8      | Killed a two-headed ogre
  6729 | D:8      | Reached skill level 10 in Spellcasting
  6729 | D:8      | Reached XP level 9. HP: 31/45 MP: 10/25
  7826 | D:9      | Killed an unseen horror
  8041 | D:9      | Found an iron altar of Okawaru.
  8066 | D:9      | Found a stormy altar of Qazlal.
  8240 | D:9      | Reached skill level 10 in Dodging
  8240 | D:9      | Reached skill level 11 in Spellcasting
  8341 | D:9      | Reached XP level 10. HP: 47/50 MP: 19/27
  8737 | D:9      | Found a staircase to the Lair.
  8758 | D:9      | Noticed Maggie
  8778 | D:9      | Killed Maggie
  8779 | D:9      | Reached skill level 1 in Hexes
  9202 | Lair:1   | Entered Level 1 of the Lair of Beasts
  9215 | Lair:1   | Reached skill level 1 in Summonings
  9496 | Lair:1   | Reached skill level 12 in Spellcasting
  9600 | Lair:1   | Learned a level 3 spell: Summon Guardian Golem
  9605 | Lair:1   | Learned a level 4 spell: Summon Ice Beast
  9609 | Lair:1   | Learned a level 3 spell: Call Canine Familiar
  9806 | Lair:1   | Noticed a deep troll
  9900 | Lair:1   | Noticed a cane toad
  9917 | Lair:1   | Killed a cane toad
 10383 | Lair:1   | Identified the +4 chain mail of the Moon Troll {+Blink
                  | Str-5 SInv}
 10627 | Lair:1   | Noticed a cane toad
 10639 | Lair:1   | Killed a cane toad
 10640 | Lair:1   | Reached XP level 11. HP: 29/54 MP: 16/29
 10934 | Lair:1   | Noticed a skyshark
 10934 | Lair:1   | Found the amulet of Elemental Vulnerability {rPois rF--
                  | rC-- AC+8}
 10949 | Lair:1   | HP: 2/54 [skyshark (24)]
 11336 | Lair:1   | Killed a skyshark
 11517 | Lair:1   | Reached skill level 13 in Spellcasting
 11830 | Lair:2   | Reached skill level 5 in Hexes
 12036 | Lair:2   | Reached skill level 10 in Stealth
 12182 | Lair:2   | Noticed an oklob plant
 12183 | Lair:2   | Noticed an oklob plant
 12216 | Lair:2   | Noticed an oklob plant
 12260 | Lair:2   | Reached skill level 14 in Spellcasting
 12272 | Lair:2   | Reached skill level 1 in Conjurations
 12304 | Lair:2   | Reached XP level 12. HP: 49/59 MP: 8/32
 12468 | Lair:2   | HP: 1/59 [death yak simulacrum (16)]
 12469 | Lair:2   | Mangled by a death yak simulacrum

Illustrated notes

Levels and vault maps discovered:
D:1:      lemuel_arrival_rhombus, layout_rooms, serial_shops, shop,
          feat_on_display
D:2:      minmay_skewed_foursquare, layout_loops_ring
D:3:      layout_basic, nicolae_wu_jian_wuxing_cycle,
          nicolae_ecumenical_oubliette
D:4:      layout_loops_corners, mainiacjoe_overflow_surrounded_room, st_stairs_3
D:5:      layout_basic
D:6:      layout_basic, zin_purify, nemelex_dance_club_becter,
          minmay_ruined_shrine
D:7:      layout_gridville, minmay_temple_entry_overgrown, minmay_misc_feat_iff,
          uniq_crazy_yiuf_cottage
D:8:      layout_basic, nicolae_dithmenos_shadow_blocks
D:9:      layout_loops_corners, mainiacjoe_overflow_catch_the_wave,
          lair_entry_dummy, uniq_maggie
Temple:   nicolae_temple_ecumenical_triangle
Lair:1:   dreamdust_cave_troll, layout_cave_pods, pond, serial_bayou_shore_b
Lair:2:   hangedman_what_comes_after_a, layout_loops_ring,
          portal_ice_cave_entry_ice_simulacra, guppyfry_lair_drakes,
          serial_bayou_shore_a

Skill      XL: |  1  2  3  4  5  6  7  8  9 10 11 12 |
---------------+-------------------------------------+-----
Dodging        | 3 4 5 6 9 10 11 12 13 | 13.0
Stealth        | 3 4 5 7 8 9 10 | 10.2
Spellcasting   | 4 5 6 7 10 11 12 14 | 14.1
Ice Magic      | 5 6 7 8 9 |  9.4
Hexes          | 3 5 6 |  6.0
Summonings     | 3 4 |  4.8
Conjurations   | 1 |  1.3

Action                     |  1- 3 |  4- 6 |  7- 9 | 10-12 || total
---------------------------+-------+-------+-------+-------++-------
  Melee: Whip              |     1 |       |       |       ||     1
         Dagger            |     1 |       |       |       ||     1
         Spear             |       |    29 |    63 |     9 ||   101
         Flail             |       |       |       |     3 ||     3
   Fire: Shortbow          |       |       |    23 |    43 ||    66
   Cast: Freeze            |    61 |    42 |    88 |   148 ||   339
         Frozen Ramparts   |     2 |    15 |    23 |    29 ||    69
         Ozocubu's Armour  |       |     6 |    22 |    27 ||    55
         Summon Ice Beast  |       |       |       |    14 ||    14
         Summon Guardian G |       |       |       |    10 ||    10
         Call Canine Famil |       |       |       |     4 ||     4
    Use: Scroll            |     6 |     5 |     5 |     2 ||    18
         Potion            |     1 |       |       |     3 ||     4
   Stab: Sleeping          |     1 |     5 |     9 |     3 ||    18
         Distracted        |       |       |     1 |       ||     1
 Armour: Robe              |     5 |    10 |    52 |    62 ||   129
  Dodge: Dodged            |    20 |    20 |   118 |   300 ||   458
